[Event "WWRR B-Group 2024"]
[Site "Wachtebeke"]
[Date "2024.02.12"]
[Round "4.1"]
[White "Toulzac, Pierre-Yves"]
[Black "Dreelinck, Jacob"]
[Result "0-1"]
[ECO "B30"]
[WhiteElo "2046"]
[BlackElo "2196"]
[Annotator "TA"]
[PlyCount "44"]
[EventDate "2024.02.12"]
[EventType "tourn"]
[EventCountry "BEL"]
[SourceTitle "playchess.com"]
[Source "ChessBase"]
[SourceQuality "1"]
[TimeControl "40/5400+30:900+30"]

1. e4 c5 2. Nf3 Nc6 3. d3 f5 4. g3 d6 5. Bg2 Nf6 6. O-O e5 7. c3 Be7 8. Nbd2 {[%emt 0:08:25] White has an edge.} O-O 9. Qb3+ (9. Nc4 $14) 9... Kh8 $11 10. Re1 f4 11. gxf4 Nh5 12. f5 Nf4 $36 {[%emt 0:04:44][%cal Og7g6][%mdl 2048] White must now prevent ...g6! Black fights for an advantage.} 13. Bf1 (13. Nc4 $1 $11 {keeps the balance.}) 13... g6 $17 14. Nc4 gxf5 15. Bxf4 {[%emt 0:01:07][%cal Rf3e5] [#] Hoping for Nfxe5!} fxe4 $1 16. Ncxe5 $2 {[%emt 0:01:43] This move loses the game for White.} Rxf4 17. Rxe4 (17. Nf7+ Rxf7 18. Qxf7 exf3 19. Qxf3) 17... dxe5 $19 18. Nxe5 (18. Rxf4 {was worth a try.} exf4 19. c4) 18... Qf8 19. Nxc6 bxc6 20. Qa4 (20. Qc4 $142 Qg7+ (20... Rxf2 $2 21. Rxe7 Rxf1+ 22. Rxf1 $19) 21. Kh1 Rxf2 22. Re2 Rxe2 23. Bxe2) 20... Qg7+ 21. Kh1 Rxf2 {[%emt 0:04:32] ( -> ...Bf5)} 22. Qxc6 {[%emt 0:00:37] [#]} (22. Re2 $19 Rf6 23. Bg2) 22... Bb7 $1 {[%emt 0:00:31][%mdl 512] Weighted Error Value: White=0.83/Black=0.31.  Mistake:       	White=6     	---        Inaccurate:     	White=1     	Black=2      OK:         	White=3     	Black=4      Best:        	White=3     	Black=6      Strong:       	---       	Black=1} 0-1

[Event "WWRR B-Group 2024"]
[Site "Wachtebeke"]
[Date "2024.02.12"]
[Round "4.2"]
[White "Kurt, Sascha"]
[Black "Raptis, Filippos"]
[Result "1/2-1/2"]
[ECO "B32"]
[WhiteElo "2002"]
[BlackElo "2174"]
[Annotator "TA"]
[PlyCount "88"]
[EventDate "2024.02.12"]
[EventType "tourn"]
[EventCountry "BEL"]
[SourceTitle "playchess.com"]
[Source "ChessBase"]
[SourceQuality "1"]
[TimeControl "40/5400+30:900+30"]

1. e4 c5 2. Nf3 Nc6 3. d4 cxd4 4. Nxd4 e5 5. Nb5 d6 6. c4 g6 7. N1c3 {[%emt 0:00:08] Black must now prevent Nd5.} a6 8. Na3 Bg7 {[%emt 0:00:09] White has an edge.} 9. Nc2 Nge7 10. Be3 O-O 11. Qd2 f5 {[%emt 0:00:17] And now ...f4 would win.} 12. f3 {[%emt 0:00:06] White is more active.} fxe4 13. fxe4 Nd4 14. Nxd4 exd4 15. Bxd4 Nc6 16. Bxg7 Kxg7 17. O-O-O Bg4 18. Re1 Ne5 19. b3 Rc8 20. Kb1 b5 $2 21. cxb5 $18 Qa5 {[%emt 0:00:07] [#]} (21... axb5 {might work better.} 22. Nxb5 (22. Bxb5 Qb6 $16) 22... Rb8) 22. Rc1 (22. Re3 $1 $18) 22... axb5 $16 23. Bxb5 Rxc3 24. Rxc3 (24. Qxc3 Qxb5 25. g3 Qe2 $17) 24... Qxb5 {[%emt 0:00:09] [#]} 25. h3 $1 Qe2 26. Rc7+ Rf7 27. Rxf7+ Kxf7 28. Qxe2 ({And not} 28. Qf4+ Ke6 29. Rf1 (29. hxg4 $2 {loses.} Nd3 $19) 29... Qd3+ 30. Kb2 Qd4+ 31. Kb1 Bd1 $17) 28... Bxe2 29. Re1 Ba6 30. Kc2 Ke6 31. Kc3 Nd3 32. Re3 Nf4 33. g4 Ke5 34. Kd2 Bb7 (34... Ne6 $14 {deserves consideration.}) 35. b4 ({Better is} 35. Rc3 $16) 35... Bxe4 $11 {[%emt 0:01:12] The position is equal.} 36. b5 Nd5 37. Rb3 Nb6 {[%emt 0:00:23] aiming for ...d5.} 38. Rb4 Nd5 39. Ra4 {[%emt 0:00:49] Threatens to win with Ra6.} Nb6 $1 40. Ra7 {[%emt 0:00:42][%cal Oa2a4] a4! would now be deadly.} d5 $1 41. a4 {[%emt 0:18:10][%cal Oa4a5] a5! is the strong threat.} d4 42. Rxh7 Nc4+ 43. Ke1 d3 {[%emt 0:00:00] ( -> ...d2+)} 44. Rd7 d2+ {[%emt 0:01:38] Black escapes into a draw.   Weighted Error Value: White=0.12 (very precise) /Black=0.12 (very precise) .  Mistake:       	White=2     	Black=3      Inaccurate:     	White=2     	Black=1      OK:         	White=13    	Black=13     Best:        	White=3     	Black=5      Strong:       	White=1     	Black=2} 1/2-1/2

[Event "WWRR B-Group 2024"]
[Site "Wachtebeke"]
[Date "2024.02.12"]
[Round "4.3"]
[White "Dreelinck, Adriaan"]
[Black "Vandenhole, Kobe"]
[Result "1/2-1/2"]
[ECO "D31"]
[WhiteElo "2205"]
[BlackElo "2081"]
[Annotator "TA"]
[PlyCount "59"]
[EventDate "2024.02.12"]
[EventType "tourn"]
[EventCountry "BEL"]
[SourceTitle "playchess.com"]
[Source "ChessBase"]
[SourceQuality "1"]
[TimeControl "40/5400+30:900+30"]

1. d4 d5 2. c4 e6 3. Nc3 a6 4. cxd5 exd5 5. Bf4 Nf6 6. e3 Bd6 7. Bg5 Be6 8. Bd3 {[%emt 0:00:39] White has an edge.} Nbd7 9. Nge2 h6 10. Bh4 Qe7 11. h3 O-O-O 12. Qc2 g5 13. Bg3 Bxg3 14. Nxg3 Kb8 15. O-O-O Nb6 16. Kb1 Rhe8 17. Ka1 h5 18. Rc1 h4 19. Nge2 Bd7 20. Ng1 Ne4 21. Nxe4 dxe4 ({Reject} 21... Ba4 22. b3 dxe4 23. Bxa6 $11) 22. Bxa6 Be6 (22... Rc8 $15 23. Bc4 c5) 23. Bb5 ({White should play} 23. Bf1 $1 $14) 23... c6 $11 24. Ba4 {[%emt 0:02:15] [#]} (24. Bf1 $11 {keeps the balance.}) 24... Qb4 ({Black should try} 24... Qf6 $1 $17 {Threatens to win with ...Nxa4.} 25. f3 Nxa4 26. Qxa4 Bd5) 25. Bb3 {[%emt 0:00:58] The position is equal.} Bxb3 26. Qxb3 Qxb3 27. axb3 Rd5 28. Ne2 Rf5 29. Rhf1 Nd5 30. Kb1 {[%emt 0:11:22] Weighted Error Value: White=0.16 (very precise) /Black=0.12 (very precise) .  Mistake:       	White=2     	Black=2      Inaccurate:     	White=3     	Black=1      OK:         	White=8     	Black=11     Best:        	---       	Black=1} 1/2-1/2

[Event "WWRR B-Group 2024"]
[Site "Wachtebeke"]
[Date "2024.02.12"]
[Round "4.4"]
[White "Ruzhansky, Elias"]
[Black "Schrik, Rachid"]
[Result "1-0"]
[ECO "B32"]
[WhiteElo "2133"]
[BlackElo "2179"]
[Annotator "TA"]
[PlyCount "125"]
[EventDate "2024.02.12"]
[EventType "tourn"]
[EventCountry "BEL"]
[SourceTitle "playchess.com"]
[Source "ChessBase"]
[SourceQuality "1"]
[TimeControl "40/5400+30:900+30"]

1. e4 c5 2. Nf3 Nc6 3. d4 cxd4 4. Nxd4 e5 5. Nb5 d6 6. N1c3 a6 7. Na3 Be6 8. Nc4 Rb8 9. Nd5 Bxd5 10. exd5 Nce7 11. a4 Nf6 12. g4 h6 13. h4 Nexd5 14. Rg1 Nc7 15. g5 hxg5 16. hxg5 Ne4 (16... Nfd5 $5) 17. Qe2 Nc5 (17... d5 $11 18. Nxe5 Bd6) 18. Be3 $14 N7e6 19. Bg2 Be7 (19... Rh4 $14) 20. g6 $16 fxg6 (20... Kf8 $16) 21. Qg4 Nf8 22. Bxc5 (22. Bd5 $16 {Strongly threatening Bxc5.} Ncd7 23. Be4 (23. O-O-O Nf6 $16)) 22... Rh4 $2 {[%emt 0:01:09][%mdl 8192] [#]} ({Black should play} 22... dxc5 $14 23. Be4 (23. Nxe5 Bf6 $11) 23... Bf6) 23. Qe2 $2 (23. Qxh4 $1 $18 Bxh4 24. Nxd6+ Kd7 25. O-O-O Qg5+ 26. Kb1) 23... dxc5 (23... Qc7 $16 {might work better.}) 24. c3 $2 ({White should try} 24. Nxe5 $18 {Threatens to win with Kf1.} Qd6 25. Kf1) 24... Bf6 (24... Ne6 $11 25. Qxe5 (25. Nxe5 Nf4 $15) 25... Nf4) 25. Be4 (25. Nxe5 Qe7 26. Nd3 Qxe2+ 27. Kxe2 Ne6 $15) (25. Rd1 $1 $16 Qc7 26. Rh1 Rxh1+ 27. Bxh1) 25... Qc7 (25... Ne6 $11 {keeps the balance.}) 26. Qc2 (26. Bxg6+ $2 Nxg6 27. O-O-O Nf4 $19) (26. O-O-O $1 $16) 26... Rxe4+ $2 (26... Rd8 $11 {and Black has nothing to worry.}) 27. Qxe4 $18 Rd8 (27... b5 {was called for.}) 28. Rd1 Rxd1+ 29. Kxd1 Qc6 30. Qxc6+ bxc6 31. Ke2 Ne6 32. Kf3 (32. Rxg6 $2 Nf4+ 33. Ke3 Nxg6 $19) 32... Ng5+ 33. Kg4 Nf7 34. Rd1 Ke7 35. Na5 Nd8 36. Kf3 Ke6 37. Ke4 g5 38. f3 Be7 39. b3 Bf6 40. Rd3 Be7 41. Rd1 Bf6 $1 42. b4 cxb4 43. cxb4 Be7 44. Rc1 (44. Nc4 Nf7 45. Rb1 g4 $16) 44... Kd7 45. Rc4 (45. Kxe5 $6 Bxb4 46. Nb3 Ne6 47. Rd1+ Ke7 $16) 45... Bd6 46. Kf5 Bc7 47. Nb3 ({Don't take} 47. Kxg5 Kd6 48. Kf5 Bxa5 49. bxa5 Kd5 $18) 47... Ne6 (47... Kd6 $142 48. Nc5 (48. Kxg5 Ne6+ 49. Kg6 Kd5 $16) 48... a5 49. Ne4+ (49. Kxg5 Kd5 $11) 49... Kd7 50. bxa5 (50. Nxg5 axb4 51. Rxb4 c5 $18) 50... Bxa5 51. Nxg5 Nb7) 48. Nc5+ $18 Nxc5 49. Rxc5 Bd6 50. Rc4 Bc7 51. Kxg5 a5 (51... Kd6 $142 52. Kf5 Bd8) 52. bxa5 $18 Bxa5 53. Kf5 Kd6 54. Ke4 c5 55. Kd3 g5 56. Rg4 Kd5 57. Rxg5 c4+ 58. Kc2 Kd4 59. f4 Bc7 60. fxe5 Bxe5 61. a5 Bc7 62. a6 Bb6 63. Rg7 1-0

[Event "WWRR B-Group 2024"]
[Site "Wachtebeke"]
[Date "2024.02.12"]
[Round "4.5"]
[White "Verduyn, Frederic"]
[Black "Nemegeer, Arne"]
[Result "1/2-1/2"]
[ECO "B13"]
[WhiteElo "2087"]
[BlackElo "2100"]
[Annotator "NA RC"]
[PlyCount "49"]
[EventDate "2024.02.12"]
[EventType "tourn"]
[EventCountry "BEL"]
[SourceTitle "playchess.com"]
[Source "ChessBase"]
[SourceQuality "1"]
[TimeControl "40/5400+30:900+30"]

1. d4 Nf6 2. Nc3 d5 3. Bf4 c5 4. e3 cxd4 5. exd4 a6 6. Nf3 Nc6 7. Ne5 Bd7 8. g4 h6 9. Bg2 e6 10. O-O Rc8 11. Re1 Bb4 12. Re3 Nxe5 13. Bxe5 Bxc3 14. bxc3 O-O 15. h4 Ne8 16. g5 f6 17. gxf6 Nxf6 18. Rg3 Qe7 19. Rb1 Bb5 20. Qd2 Kh7 21. Re1 Rf7 22. f4 Rcf8 23. Bf3 Nd7 24. Bc7 Nf6 25. Be5 1/2-1/2

[Event "WWRR B-Group 2024"]
[Site "Wachtebeke"]
[Date "2024.02.12"]
[Round "5.1"]
[White "Nemegeer, Arne"]
[Black "Toulzac, Pierre-Yves"]
[Result "1-0"]
[ECO "B06"]
[WhiteElo "2100"]
[BlackElo "2046"]
[Annotator "TA"]
[PlyCount "83"]
[EventDate "2024.02.12"]
[EventType "tourn"]
[EventCountry "BEL"]
[SourceTitle "playchess.com"]
[Source "ChessBase"]
[SourceQuality "1"]
[TimeControl "40/5400+30:900+30"]

1. e4 g6 2. d4 Bg7 3. Nc3 d6 4. Be3 a6 5. Qd2 b5 6. O-O-O Bb7 7. f3 Nd7 8. h4 h6 {[%emt 0:00:35] The position is equal.} 9. Nh3 Rc8 10. g4 {[%emt 0:03:39] White is more active.} c5 11. dxc5 Nxc5 12. Bd4 (12. Kb1 $1 $16) 12... e5 (12... Bxd4 $11 13. Qxd4 Nf6) 13. Be3 b4 14. Nd5 (14. Bxc5 {simplifies} dxc5 15. Na4 Qxd2+ 16. Rxd2 Ne7 17. b3) 14... b3 15. Qb4 $2 (15. Bc4 $14 {was the only good move.} bxc2 16. Qxc2) 15... bxa2 $19 (15... Qxh4 $2 16. axb3 Bxd5 17. Rxd5 $18) 16. Kd2 {[%emt 0:00:05] aiming for Bxc5.} Bxd5 (16... Qxh4 $2 17. Bxc5 Bxd5 18. Bxd6 $18) 17. exd5 Ne7 (17... Qxh4 18. Nf2 Qd8 19. Qa3 $17) 18. Bc4 {[%emt 0:01:24] [#]} O-O $1 {[%emt 0:05:33] Strongly threatening ...e4.} (18... Rb8 19. Qa3) 19. c3 e4 20. Nf2 exf3 21. Bxa2 Qd7 22. Kc1 Rb8 23. Qa3 Rfc8 24. Bd4 {[%emt 0:04:57] [#]} a5 25. Rh3 $2 (25. Bxg7 Kxg7 26. Rh3) 25... Na4 $2 (25... h5 $19 26. gxh5 Bxd4 27. Rxd4 Rb4 (27... gxh5 28. Rxf3 Ng6 29. Nd3 $17)) 26. Bxg7 $17 Rxb2 (26... Kxg7 $17 27. Rxf3 Rxb2 (27... Nxb2 28. Rd4 $17)) 27. Rxf3 $19 (27. Bxh6 $2 {is the wrong capture.} Rxf2 28. c4 Qxg4 29. Qxa4 Qxh3 $19) 27... Kxg7 28. Rf1 (28. Rd2 $142 Rb4 29. Re2) 28... f5 29. gxf5 Nxf5 30. Nd1 Re2 31. h5 {[%emt 0:01:24] White is weak on the dark squares} Nc5 {[%emt 0:02:37] Excellent horsemanship.} (31... Kg8 $19 {is more deadly. ...Nd4 is the strong threat.} 32. R1f2 Rxf2 33. Rxf2 Nd4 (33... gxh5 34. c4 $17)) 32. hxg6 $17 {[%emt 0:00:42] [#]} Qb5 $1 33. c4 Qb4 {[%emt 0:02:24] ( -> ...Qd2+)} 34. Qc3+ Kxg6 $2 (34... Kg8 $1 $17 {and life is bright.} 35. Qxb4 axb4) 35. Rxf5 Qxc3+ 36. Nxc3 Nd3+ 37. Kd1 Rg2 38. Bb1 Nb2+ 39. Kc1 {[%emt 0:00:11] Intending R5f2+ and mate.} Kg7 40. Rf7+ Kg8 41. Bh7+ Kh8 42. Be4 {[%emt 0:00:06] What a bad dream for Black.   Weighted Error Value: White=0.36/Black=0.55.  Loses game:     	White=1     	Black=1      Missed win:     	---       	Black=2      Mistake:       	White=3     	Black=3      Inaccurate:     	White=3     	Black=4      OK:         	White=10    	Black=12     Best:        	White=5     	Black=2      Strong:       	---       	Black=1} 1-0

[Event "WWRR B-Group 2024"]
[Site "Wachtebeke"]
[Date "2024.02.12"]
[Round "5.2"]
[White "Schrik, Rachid"]
[Black "Verduyn, Frederic"]
[Result "0-1"]
[ECO "E94"]
[WhiteElo "2179"]
[BlackElo "2087"]
[Annotator "RC"]
[PlyCount "78"]
[EventDate "2024.02.12"]
[EventType "tourn"]
[EventCountry "BEL"]
[SourceTitle "playchess.com"]
[Source "ChessBase"]
[SourceQuality "1"]
[TimeControl "40/5400+30:900+30"]

1. d4 Nf6 2. c4 g6 3. Nc3 Bg7 4. e4 d6 5. Be2 O-O 6. Be3 Nbd7 7. Nf3 e5 8. O-O Qe7 9. d5 c5 10. Nd2 Kh8 11. a3 Ng8 12. f3 Bh6 13. Bf2 f5 14. exf5 gxf5 15. b4 b6 16. Qc2 Ndf6 17. Kh1 Ne8 18. Bd3 Ngf6 19. Rfe1 Rg8 20. Nf1 Qg7 21. g3 e4 22. fxe4 Ng4 23. Bg1 f4 24. bxc5 bxc5 25. e5 Nxe5 26. Ne4 Bf5 27. Rad1 Bg4 28. Be2 Nf3 29. Qc3 Nxe1 30. Bxg4 Qxc3 31. Nxc3 Rxg4 32. Rxe1 fxg3 33. hxg3 Rxc4 34. Re6 Rxc3 35. Rxh6 Rxa3 36. Ne3 Rd3 37. Re6 a5 38. g4 a4 39. Nc4 a3 0-1

[Event "WWRR B-Group 2024"]
[Site "Wachtebeke"]
[Date "2024.02.12"]
[Round "5.3"]
[White "Vandenhole, Kobe"]
[Black "Ruzhansky, Elias"]
[Result "1/2-1/2"]
[ECO "B30"]
[WhiteElo "2081"]
[BlackElo "2133"]
[Annotator "RC"]
[PlyCount "81"]
[EventDate "2024.02.12"]
[EventType "tourn"]
[EventCountry "BEL"]
[SourceTitle "playchess.com"]
[Source "ChessBase"]
[SourceQuality "1"]
[TimeControl "40/5400+30:900+30"]

1. e4 c5 2. Nf3 Nc6 3. Bb5 Nf6 4. e5 Nd5 5. b3 Nc7 6. Bxc6 dxc6 7. Bb2 h6 8. d3 Bf5 9. O-O g5 10. e6 f6 11. Ne5 g4 12. Nf7 Qc8 13. Nxh8 Nxe6 14. Ng6 Bxg6 15. Qxg4 Kf7 16. Nd2 Bg7 17. Qg3 Qd7 18. Nf3 Rg8 19. Nh4 Bh7 20. f4 Nd4 21. Bxd4 Qxd4+ 22. Qf2 f5 23. Rae1 Qxf2+ 24. Kxf2 Bd4+ 25. Kf3 Kf6 26. g3 Bc3 27. Re2 Rg7 28. h3 Bg8 29. g4 Bd5+ 30. Kg3 Be6 31. Rxe6+ Kxe6 32. Nxf5 Rh7 33. Ne3 Rh8 34. Kh4 h5 35. f5+ Ke5 36. g5 b5 37. f6 exf6 38. gxf6 Ke6 39. Kg5 Rg8+ 40. Kxh5 Bxf6 41. Ng4 1/2-1/2

[Event "WWRR B-Group 2024"]
[Site "Wachtebeke"]
[Date "2024.02.12"]
[Round "5.4"]
[White "Raptis, Filippos"]
[Black "Dreelinck, Adriaan"]
[Result "1/2-1/2"]
[ECO "C00"]
[WhiteElo "2174"]
[BlackElo "2205"]
[Annotator "TA"]
[PlyCount "36"]
[EventDate "2024.02.12"]
[EventType "tourn"]
[EventCountry "BEL"]
[SourceTitle "playchess.com"]
[Source "ChessBase"]
[SourceQuality "1"]
[TimeControl "40/5400+30:900+30"]

1. e4 e6 2. d3 d5 3. Nd2 Nf6 4. Ngf3 Nc6 5. c3 e5 6. exd5 Nxd5 7. Nc4 f6 8. Be2 {[%emt 0:00:54] The position is equal.} Be6 9. O-O Qd7 10. d4 e4 11. Ne1 O-O-O 12. f4 (12. Nd2 $11) 12... exf3 13. Nxf3 g5 14. Ne3 h5 15. Nxd5 $1 Bxd5 16. Qc2 ({White should play} 16. Nd2 $11) 16... Re8 (16... h4 $15) 17. Bd3 $11 Bd6 18. Bd2 (18. Bg6 $5) 18... Kb8 {[%emt 0:05:13] Weighted Error Value: White=0.20 (precise) /Black=0.11 (very precise) .  Mistake:       	White=2     	Black=1      Inaccurate:     	White=1     	Black=2      OK:         	White=5     	Black=3      Best:        	White=1     	---        Strong:       	White=1     	---} 1/2-1/2

[Event "WWRR B-Group 2024"]
[Site "Wachtebeke"]
[Date "2024.02.12"]
[Round "5.5"]
[White "Dreelinck, Jacob"]
[Black "Kurt, Sascha"]
[Result "1-0"]
[ECO "B82"]
[WhiteElo "2196"]
[BlackElo "2002"]
[Annotator "TA"]
[PlyCount "59"]
[EventDate "2024.02.12"]
[EventType "tourn"]
[EventCountry "BEL"]
[SourceTitle "playchess.com"]
[Source "ChessBase"]
[SourceQuality "1"]
[TimeControl "40/5400+30:900+30"]

1. e4 c5 2. Nf3 d6 3. d4 cxd4 4. Nxd4 Nf6 5. Nc3 e6 6. Be3 Nc6 7. f4 Be7 8. Qf3 e5 9. Nde2 O-O 10. f5 Qa5 (10... b5 $11) 11. O-O-O ({White should try} 11. g4 $16) 11... Rd8 (11... b5 $11 {remains equal.}) 12. Kb1 $16 b5 (12... Bd7 $142) 13. g4 b4 {[%emt 0:10:35] [#]} (13... d5 $16) 14. Nd5 $1 $18 Nxd5 15. Rxd5 (15. exd5 $18 e4 16. Qxe4) 15... Qc7 $16 16. g5 Bb7 17. f6 Bf8 18. h4 (18. fxg7 Bxg7 19. Ng3 b3 (19... Nd4 $2 20. Bxd4 exd4 21. Bd3 $18) 20. axb3 Nb4 $16) 18... Rac8 {[%emt 0:07:37][%cal Oc6d4] ...Nd4! would now be deadly.} 19. Ka1 $2 {[%emt 0:11:03] [#]} (19. fxg7 Bxg7 20. c4 bxc3 (20... Nd4 21. Nxd4 exd4 22. Bd2 $16) 21. Nxc3 Nd4 $11) (19. Qf2 $16) 19... Nd4 $2 {[%emt 0:03:28][%mdl 8192] Loses the game.} 20. Nxd4 $18 Bxd5 21. exd5 ({Don't go for} 21. Nb5 $2 Qxc2 $19) 21... exd4 22. Bxd4 {[%emt 0:00:07] Strongly threatening Bd3. Black is weak on the light squares} b3 $2 (22... Qa5 23. Bd3 b3 24. cxb3 Qd2) 23. c3 ({Inferior is} 23. axb3 Qa5+ 24. Kb1 Qe1+ 25. Ka2 Qa5+ 26. Kb1 Qe1+ 27. Ka2 Qa5+ 28. Kb1 $11) 23... Qa5 24. a3 {[%emt 0:00:17] Active counter play!} Re8 25. Bd3 {[%emt 0:00:20] fxg7 is the strong threat. This pair of bishops is nice.} g6 26. h5 {[%emt 0:00:50] White mates.} Rc7 27. hxg6 fxg6 {[%emt 0:00:18] [#]} 28. Bxg6 $1 hxg6 {[%emt 0:00:49] [#]} (28... Re1+ 29. Rxe1) 29. f7+ $1 Rxf7 30. Rh8# {[%emt 0:34:28] Weighted Error Value: White=0.31/Black=0.69.  Loses game:     	---       	Black=1      Mistake:       	White=3     	Black=5      Inaccurate:     	---       	Black=2      OK:         	White=4     	Black=4      Best:        	White=3     	Black=1      Strong:       	White=1     	---} 1-0

[Event "WWRR B-Group 2024"]
[Site "Wachtebeke"]
[Date "2024.02.13"]
[Round "6.1"]
[White "Toulzac, Pierre-Yves"]
[Black "Kurt, Sascha"]
[Result "1/2-1/2"]
[ECO "B52"]
[WhiteElo "2046"]
[BlackElo "2002"]
[Annotator "NA RC"]
[PlyCount "62"]
[EventDate "2024.02.12"]
[EventType "tourn"]
[EventCountry "BEL"]
[SourceTitle "playchess.com"]
[Source "ChessBase"]
[SourceQuality "1"]
[TimeControl "40/5400+30:900+30"]

1. e4 c5 2. Nf3 d6 3. Bb5+ Bd7 4. c4 g6 5. O-O Bg7 6. d4 cxd4 7. Bxd7+ Qxd7 8. Nxd4 Nc6 9. Be3 Nf6 10. f3 O-O 11. Nc3 Rac8 12. b3 a6 13. a4 e6 14. Nde2 Rfd8 15. Bb6 Re8 16. Ra2 Ne7 17. Rd2 Rc6 18. a5 Rec8 19. Nd4 Rxb6 20. axb6 d5 21. Nde2 Qc6 22. exd5 Qxb6+ 23. Kh1 Nf5 24. Qb1 exd5 25. Nxd5 Nxd5 26. cxd5 Qb4 27. Qd3 Re8 28. d6 Re3 29. Qd5 Re5 30. Qd3 Re3 31. Qd5 Re5 1/2-1/2

[Event "WWRR B-Group 2024"]
[Site "Wachtebeke"]
[Date "2024.02.13"]
[Round "6.2"]
[White "Dreelinck, Adriaan"]
[Black "Dreelinck, Jacob"]
[Result "1/2-1/2"]
[ECO "B06"]
[WhiteElo "2205"]
[BlackElo "2196"]
[Annotator "TA"]
[PlyCount "48"]
[EventDate "2024.02.12"]
[EventType "tourn"]
[EventCountry "BEL"]
[SourceTitle "playchess.com"]
[Source "ChessBase"]
[SourceQuality "1"]
[TimeControl "40/5400+30:900+30"]

1. d4 g6 2. Nc3 Bg7 3. e4 d6 4. Be3 a6 5. Qd2 b5 6. f3 Bb7 7. O-O-O Nd7 8. Nge2 Rc8 {[%emt 0:00:02] White has an edge.} 9. Nf4 e6 (9... c5 $11) 10. Kb1 Ne7 11. g4 Nb6 12. a3 c6 13. h4 h6 14. Qe1 {[%emt 0:00:03] White is more active.} (14. Qf2 $16) 14... Qc7 $14 15. Bh3 (15. Ng2 $14 {was preferrable.}) 15... Nc4 16. g5 Qb6 (16... hxg5 $11 {keeps the balance.} 17. hxg5 c5 18. dxc5 dxc5) 17. Bf2 (17. Bc1 $16) 17... c5 {[%emt 0:00:02] [#]} (17... Qa5 $14) 18. dxc5 $2 (18. Bxe6 $1 $16 fxe6 19. Nxe6) 18... dxc5 $15 {[%emt 0:00:05][%cal Oc4b2] And now ...Nxb2! would win.} 19. Nd3 hxg5 (19... h5 $11) 20. hxg5 $14 Qa5 (20... a5 $1 $14) 21. Bxc5 $16 ({Not} 21. Nxc5 Nxa3+ 22. Kc1 (22. bxa3 $2 {too greedy.} Bxc3 23. Nxb7 Qxa3 $19) 22... Rxc5 23. Bxc5 Nc4 $19) 21... Nxa3+ $2 {[%emt 0:00:10][%mdl 8192] [#]} 22. bxa3 $2 ({White must play} 22. Bxa3 $18 Rc4 23. Nc5) 22... Qxc3 $11 23. Qxc3 Bxc3 24. Bb4 Bd4 {[%emt 0:00:05] Weighted Error Value: White=0.64/Black=0.63.  Loses game:     	---       	Black=1      Missed win:     	White=1     	---        Mistake:       	White=4     	Black=5      Inaccurate:     	White=4     	Black=2      OK:         	White=3     	Black=4      Best:        	White=2     	Black=1} 1/2-1/2

[Event "WWRR B-Group 2024"]
[Site "Wachtebeke"]
[Date "2024.02.13"]
[Round "6.3"]
[White "Verduyn, Frederic"]
[Black "Vandenhole, Kobe"]
[Result "*"]
[ECO "B07"]
[WhiteElo "2087"]
[BlackElo "2081"]
[Annotator "NA RC"]
[PlyCount "77"]
[EventDate "2024.02.12"]
[EventType "tourn"]
[EventCountry "BEL"]
[SourceTitle "playchess.com"]
[Source "ChessBase"]
[SourceQuality "1"]
[TimeControl "40/5400+30:900+30"]

1. e4 g6 2. d4 Bg7 3. Nf3 d6 4. Bd3 Nf6 5. O-O O-O 6. c3 Nc6 7. Re1 e5 8. h3 Re8 9. dxe5 Nxe5 10. Nxe5 dxe5 11. Be3 c6 12. a4 Be6 13. Qc2 Qc7 14. Nd2 Red8 15. a5 Nh5 16. Nc4 f6 17. Bf1 Qf7 18. b3 Bf8 19. Rad1 c5 20. Nd2 Qc7 21. Bc4 Ng7 22. Bh6 Bxc4 23. Nxc4 Ne6 24. Bc1 Qe7 25. Ne3 Nc7 26. Qe2 Qe6 27. Qc4 Kf7 28. Nd5 Nxd5 29. exd5 Qa6 30. Qh4 Bg7 31. f4 Kg8 32. fxe5 fxe5 33. Bh6 Bxh6 34. Qxh6 Qd6 35. Qg5 Re8 36. Re4 Re7 37. Rde1 Rae8 38. c4 Kg7 39. Rf1 *

[Event "WWRR B-Group 2024"]
[Site "Wachtebeke"]
[Date "2024.02.13"]
[Round "6.4"]
[White "Nemegeer, Arne"]
[Black "Schrik, Rachid"]
[Result "*"]
[ECO "D00"]
[WhiteElo "2100"]
[BlackElo "2179"]
[Annotator "RC"]
[PlyCount "60"]
[EventDate "2024.02.12"]
[EventType "tourn"]
[EventCountry "BEL"]
[SourceTitle "playchess.com"]
[Source "ChessBase"]
[SourceQuality "1"]
[TimeControl "40/5400+30:900+30"]

1. d4 d5 2. Nc3 Nf6 3. Bf4 a6 4. e3 e6 5. g4 Bb4 6. Bg2 c5 7. g5 Nfd7 8. Nge2 Nc6 9. a3 cxd4 10. exd4 Be7 11. h4 Nb6 12. b3 O-O 13. Qd3 f6 14. Qg3 Qe8 15. gxf6 Bxf6 16. O-O-O Qf7 17. Rhg1 Bxd4 18. Rxd4 Nxd4 19. Be5 Nxe2+ 20. Nxe2 Nd7 21. Bb2 Nf6 22. Kb1 b6 23. Qe5 Ra7 24. Bh3 Ne8 25. h5 h6 26. Rg6 Nf6 27. Qe3 Nxh5 28. Qxh6 e5 29. Bxc8 Rxc8 30. Qxh5 d4 *